cohdb
Replays
Latest Replays
All Replays
Popular Replays
Top Player Replays
Match Explorer
How It Works
Community
CoH3 Stats
Reddit
Sign in to upload your games and track your stats! →
Sign in with Steam
Wehrmacht Flak 36 88mm gaming
Match 23575788
Overview
Messages
Build Orders
End
Selects Italian Combined Arms Battlegroup
Selects Italian Combined Arms Battlegroup
Selects Bersaglieri Squad
Bersaglieri Squad
Kradschützen Motorcycle Team
Bersaglieri Squad
Construct Light Support Kompanie
MG34 Team
Fire Support Elements
Flakvierling Half-track
Selects Bersaglieri Bolster
Pak 38 Anti-tank Gun Team
2.5-tonne Medical Truck
Flakvierling Half-track
le.IG 18 Mechanized Group
Combat Half-tracks
Selects Breda Model 30 Light Machine Guns
Construct Panzerarmee Kommand
Pak 38 Anti-tank Gun Team
Selects Semovente da 75/18 Assault Gun
Panzer III L Medium Tank
Tungsten Core Ammunition
Panzer III L Medium Tank
Rapid Advance
Selects Strafing Run
Selects Artillery Cover
Walking Stuka Rocket Launcher
Emergency Repair Kits
Vehicle Survival Package
Panzer III L Medium Tank
Artillery Cover
Panzer III L Medium Tank
Panzer III L Medium Tank
Panzer III L Medium Tank
hybroq
I'm that #B!tch
oziligath
Barry Chuckle
0
0
Comments
sign in to comment!
No comments posted yet!